NWL (28 & UNDER)
SAN DIEGO SMASHERS @ BISMARCK BARONS
09/04/2027
 
TOP OF THE 1ST
San Diego Smashers batting - Pitching for Bismarck Barons : RHP Domingo León
Pitching: RHP Domingo León
Batting: LHB Michael Myers 0-0: Ball
1-0: Called Strike
1-1: Ball
2-1: Ball
3-1: Base on Balls
Batting: LHB Jaime Icaza 0-0: Called Strike
Michael Myers steals 2nd base
0-1: Ball
1-1: Fly out, F6 (Line Drive, 6)
Batting: RHB Ricardo Guzmán 0-0: Ball
1-0: Foul Ball, location: 2F
1-1: Foul Ball, location: 2F
1-2: Strikes out looking
Batting: RHB Gilberto Guzmán 0-0: Ball
1-0: Ball
2-0: Ball
3-0: Base on Balls
Batting: LHB Joe Baker 0-0: Ball
1-0: Ball
2-0: Ground out 4-3 (Groundball, 34)
Top of the 1st over - 0 run(s), 0 hit(s), 0 error(s), 2 left on base; San Diego 0 - Bismarck 0
BOTTOM OF THE 1ST
Bismarck Barons batting - Pitching for San Diego Smashers : LHP Rafael Alemán
Pitching: LHP Rafael Alemán
Batting: SHB Álex Hernández 0-0: Called Strike
0-1: Ball
1-1: Ball
2-1: Foul Ball, location: 2F
2-2: Fly out, F9 (Flyball, 9LS)
Batting: RHB Pancho Torres 0-0: Ball
1-0: Ball
2-0: Foul Ball, location: 2F
2-1: Foul Ball, location: 2F
2-2: Ball
3-2: Strikes out looking
Batting: RHB Seiji Kouno 0-0: Ground out 5-3 (Groundball, 56)
Bottom of the 1st over - 0 run(s), 0 hit(s), 0 error(s), 0 left on base; San Diego 0 - Bismarck 0
TOP OF THE 2ND
San Diego Smashers batting - Pitching for Bismarck Barons : RHP Domingo León
Batting: RHB Larry Turner 0-0: Ball
1-0: Called Strike
1-1: Swinging Strike
1-2: Hit by Pitch
Batting: RHB John Nelson 0-0: Grounds into double play, 4-6-3 (Groundball, 34)
Batting: RHB Manny Torrez 0-0: Ball
1-0: Foul Ball, location: 2F
1-1: Foul Ball, location: 2F
1-2: Foul Ball, location: 2F
1-2: Ball
2-2: Ground out 6-3 (Groundball, 6)
Top of the 2nd over - 0 run(s), 0 hit(s), 0 error(s), 0 left on base; San Diego 0 - Bismarck 0
BOTTOM OF THE 2ND
Bismarck Barons batting - Pitching for San Diego Smashers : LHP Rafael Alemán
Batting: RHB Esteban Lara 0-0: Called Strike
0-1: Ball
1-1: Ball
2-1: Foul Ball, location: 2F
2-2: Foul Ball, location: 2F
2-2: Ground out 4-3 (Groundball, 4)
Batting: LHB John Frost 0-0: Ball
1-0: Called Strike
1-1: Ball
2-1: Swinging Strike
2-2: SINGLE (Line Drive, 6M)
Batting: RHB Dennis Garner 0-0: Called Strike
0-1: Ball
1-1: Called Strike
1-2: Strikes out swinging
Batting: RHB Félix Trevino 0-0: Called Strike
0-1: Ball
1-1: Ball
2-1: Swinging Strike
2-2: Foul Ball, location: 2F
2-2: Fly out, F9 (Flyball, 9S)
Bottom of the 2nd over - 0 run(s), 1 hit(s), 0 error(s), 1 left on base; San Diego 0 - Bismarck 0
TOP OF THE 3RD
San Diego Smashers batting - Pitching for Bismarck Barons : RHP Domingo León
Batting: RHB Nate Atkinson 0-0: SINGLE (Groundball, 34D)
Batting: LHB Michael Myers 0-0: Called Strike
0-1: Foul Ball, location: 2F
0-2: Ball
1-2: Ground out 4-3 (Groundball, 4MS)
Nate Atkinson to second
Batting: LHB Jaime Icaza 0-0: Ball
1-0: Ball
2-0: Ball
3-0: Base on Balls
Batting: RHB Ricardo Guzmán 0-0: Foul Ball, location: 2F
0-1: Ball
1-1: Called Strike
1-2: Fly out, F7 (Flyball, 7LD)
Runner from 2nd tags up, SAFE at 3rd, no throw
Batting: RHB Gilberto Guzmán 0-0: Ball
1-0: Ball
2-0: Foul Ball, location: 2F
2-1: Ball
3-1: Base on Balls
Jaime Icaza to second
Batting: LHB Joe Baker 0-0: Ball
1-0: Ground out U3 (Groundball, 3L)
Top of the 3rd over - 0 run(s), 1 hit(s), 0 error(s), 3 left on base; San Diego 0 - Bismarck 0
BOTTOM OF THE 3RD
Bismarck Barons batting - Pitching for San Diego Smashers : LHP Rafael Alemán
Batting: LHB Jesús Bueno 0-0: Called Strike
0-1: Ball
1-1: Ball
2-1: SINGLE (Flyball, 8LS)
Batting: SHB Jeff Chambers 0-0: Called Strike
0-1: Fielders Choice at 2nd, 4-6 (Groundball, 34)
Batting: SHB Álex Hernández 0-0: Hit by Pitch
Jeff Chambers to second
Batting: RHB Pancho Torres 0-0: Called Strike
0-1: Ball
1-1: Foul Ball, location: 2F
1-2: Strikes out swinging
Batting: RHB Seiji Kouno 0-0: Ball
1-0: Called Strike
1-1: Ball
2-1: Fly out, F4 (Popup, 34)
Bottom of the 3rd over - 0 run(s), 1 hit(s), 0 error(s), 2 left on base; San Diego 0 - Bismarck 0
TOP OF THE 4TH
San Diego Smashers batting - Pitching for Bismarck Barons : RHP Domingo León
Batting: RHB Larry Turner 0-0: SINGLE (Groundball, 4M) (infield hit)
Batting: RHB John Nelson 0-0: Swinging Strike
0-1: Grounds into double play, 6-4-3 (Groundball, 6)
Batting: RHB Manny Torrez 0-0: Ground out 6-3 (Groundball, 6)
Top of the 4th over - 0 run(s), 1 hit(s), 0 error(s), 0 left on base; San Diego 0 - Bismarck 0
BOTTOM OF THE 4TH
Bismarck Barons batting - Pitching for San Diego Smashers : LHP Rafael Alemán
Batting: RHB Esteban Lara 0-0: Ball
1-0: Called Strike
1-1: Ball
2-1: Foul Ball, location: 2F
2-2: Fly out, F7 (Flyball, 7S)
Batting: LHB John Frost 0-0: Foul Ball, location: 2F
0-1: Ball
1-1: Foul Ball, location: 2F
1-2: Strikes out swinging
Batting: RHB Dennis Garner 0-0: Ball
1-0: Called Strike
1-1: Ball
2-1: Swinging Strike
2-2: Foul Ball, location: 2F
2-2: Strikes out swinging
Bottom of the 4th over - 0 run(s), 0 hit(s), 0 error(s), 0 left on base; San Diego 0 - Bismarck 0
TOP OF THE 5TH
San Diego Smashers batting - Pitching for Bismarck Barons : RHP Domingo León
Batting: RHB Nate Atkinson 0-0: Called Strike
0-1: Foul Ball, location: 2F
0-2: Ball
1-2: Strikes out looking
Batting: LHB Michael Myers 0-0: Ball
1-0: Ball
2-0: Swinging Strike
2-1: Foul Ball, location: 2F
2-2: Ball
3-2: Base on Balls
Batting: LHB Jaime Icaza 0-0: Ball
Michael Myers is caught stealing 2nd base
1-0: SINGLE (Groundball, 4MD)
Batting: RHB Ricardo Guzmán 0-0: Ball
Jaime Icaza is caught stealing 2nd base
Top of the 5th over - 0 run(s), 1 hit(s), 0 error(s), 0 left on base; San Diego 0 - Bismarck 0
BOTTOM OF THE 5TH
Bismarck Barons batting - Pitching for San Diego Smashers : LHP Rafael Alemán
Batting: RHB Félix Trevino 0-0: Foul Ball, location: 2F
0-1: Ball
1-1: Swinging Strike
1-2: Strikes out swinging
Batting: LHB Jesús Bueno 0-0: Foul Ball, location: 2F
0-1: Ball
1-1: Ball
2-1: Ground out U3 (Groundball, 3L)
Batting: SHB Jeff Chambers 0-0: Foul Ball, location: 2F
0-1: Ball
1-1: Ball
2-1: Ball
3-1: Called Strike
3-2: Reached via error on a dropped throw, E3
Batting: SHB Álex Hernández 0-0: Ball
1-0: SINGLE (Line Drive, 78S)
Jeff Chambers to second
Batting: RHB Pancho Torres 0-0: Foul Ball, location: 2F
0-1: Ball
1-1: Swinging Strike
1-2: Ball
2-2: Ball
3-2: Strikes out swinging
Bottom of the 5th over - 0 run(s), 1 hit(s), 1 error(s), 2 left on base; San Diego 0 - Bismarck 0
TOP OF THE 6TH
San Diego Smashers batting - Pitching for Bismarck Barons : RHP Domingo León
Batting: RHB Ricardo Guzmán 0-0: Ball
1-0: Ball
2-0: Ball
3-0: Called Strike
3-1: Base on Balls
Batting: RHB Gilberto Guzmán 0-0: Ball
Ricardo Guzmán is caught stealing 2nd base
1-0: Ground out 5-3 (Groundball, 5L)
Batting: LHB Joe Baker 0-0: Called Strike
0-1: Ball
1-1: Swinging Strike
1-2: Ground out 4-3 (Groundball, 4)
Top of the 6th over - 0 run(s), 0 hit(s), 0 error(s), 0 left on base; San Diego 0 - Bismarck 0
BOTTOM OF THE 6TH
Bismarck Barons batting - Pitching for San Diego Smashers : LHP Rafael Alemán
Batting: RHB Seiji Kouno 0-0: Called Strike
0-1: Swinging Strike
0-2: Ball
1-2: Ball
2-2: Strikes out swinging
Batting: RHB Esteban Lara 0-0: Ball
1-0: Swinging Strike
1-1: Foul Ball, location: 2F
1-2: Foul Ball, location: 2F
1-2: Ball
2-2: Ball
3-2: DOUBLE (Flyball, 8LD)
Pitching: LHP Don Sutherland
Batting: LHB John Frost 0-0: SINGLE (Groundball, 34D)
Esteban Lara to third
Runner from 3rd tries for Home, SAFE, no throw
Batting: RHB Dennis Garner 0-0: Ball
1-0: Called Strike
1-1: Ball
2-1: Foul Ball, location: 2F
2-2: Strikes out swinging
Batting: RHB Félix Trevino 0-0: Ball
John Frost is caught stealing 2nd base
Bottom of the 6th over - 1 run(s), 2 hit(s), 0 error(s), 0 left on base; San Diego 0 - Bismarck 1
TOP OF THE 7TH
San Diego Smashers batting - Pitching for Bismarck Barons : RHP Domingo León
Batting: RHB Larry Turner 0-0: Ball
1-0: Ball
2-0: Called Strike
2-1: Swinging Strike
2-2: Strikes out swinging
Batting: RHB John Nelson 0-0: Foul Ball, location: 2F
0-1: Ground out 4-3 (Groundball, 4)
Batting: RHB Manny Torrez 0-0: Ball
1-0: Called Strike
1-1: Ball
2-1: Ground out 6-3 (Groundball, 6)
Top of the 7th over - 0 run(s), 0 hit(s), 0 error(s), 0 left on base; San Diego 0 - Bismarck 1
BOTTOM OF THE 7TH
Bismarck Barons batting - Pitching for San Diego Smashers : LHP Don Sutherland
Batting: RHB Félix Trevino 0-0: Called Strike
0-1: Foul Ball, location: 2F
0-2: Ground out 6-3 (Groundball, 56)
Batting: LHB Jesús Bueno 0-0: Called Strike
0-1: Swinging Strike
0-2: Ball
1-2: Ball
2-2: Ball
3-2: Strikes out swinging
Batting: SHB Jeff Chambers 0-0: Foul Ball, location: 2F
0-1: Swinging Strike
0-2: Strikes out swinging
Bottom of the 7th over - 0 run(s), 0 hit(s), 0 error(s), 0 left on base; San Diego 0 - Bismarck 1
TOP OF THE 8TH
San Diego Smashers batting - Pitching for Bismarck Barons : RHP Domingo León
Pitching: LHP Christiano Gomes
Batting: RHB Nate Atkinson 0-0: Called Strike
0-1: Ball
1-1: SINGLE (Groundball, 6D)
Batting: LHB Michael Myers 0-0: Ball
1-0: Sac Bunt - play at first, batter OUT! 1-4
Nate Atkinson to second
Batting: LHB Jaime Icaza 0-0: Called Strike
0-1: Ball
1-1: Ball
2-1: Foul Ball, location: 2F
2-2: Ball
3-2: Foul Ball, location: 2F
3-2: Strikes out swinging
Batting: RHB Ricardo Guzmán 0-0: Foul Ball, location: 2F
0-1: Foul Ball, location: 2F
0-2: Ball
1-2: Strikes out swinging
Top of the 8th over - 0 run(s), 1 hit(s), 0 error(s), 1 left on base; San Diego 0 - Bismarck 1
BOTTOM OF THE 8TH
Bismarck Barons batting - Pitching for San Diego Smashers : LHP Don Sutherland
Batting: SHB Álex Hernández 0-0: Ball
1-0: Ball
2-0: Foul Ball, location: 2F
2-1: Ball
3-1: Base on Balls
Batting: RHB Pancho Torres 0-0: Bunted foul
0-1: Bunted foul
0-2: Fielders Choice at 2nd, 1-4 (Groundball, 15)
Batting: RHB Seiji Kouno 0-0: Called Strike
0-1: Foul Ball, location: 2F
0-2: Strikes out swinging
Batting: RHB Esteban Lara 0-0: Fly out, F3 (Line Drive, 34)
Bottom of the 8th over - 0 run(s), 0 hit(s), 0 error(s), 1 left on base; San Diego 0 - Bismarck 1
TOP OF THE 9TH
San Diego Smashers batting - Pitching for Bismarck Barons : LHP Christiano Gomes
Pitching: RHP Wilson Molina
Now at 3B: Mark Roy
Batting: RHB Gilberto Guzmán 0-0: Foul Ball, location: 2F
0-1: SINGLE (Groundball, 13) (infield hit)
Pinch Hitting: LHB Ken Phillips 0-0: Fly out, F3 (Popup, 34)
Pinch Hitting: RHB Fred Ameris 0-0: Ball
1-0: Fly out, F8 (Flyball, 8LD)
Batting: RHB John Nelson 0-0: Ball
1-0: Fly out, F4 (Line Drive, 4M)
Top of the 9th over - 0 run(s), 1 hit(s), 0 error(s), 1 left on base; San Diego 0 - Bismarck 1
Thursday, March 30th, 2017 - OOTP Baseball 17.12 Build 75